 Dungeon Crawl Stone Soup version 0.24-a0-164-g56e1b8f (webtiles) character file.

Game seed: 9141545549682600648

535 Lanoc the Poker (level 7, -4/49 HPs)
             Began as an Octopode Abyssal Knight on Mar 6, 2019.
             Was a Priest of Lugonu.
             Slain by an ogre
             ... wielding a +0 giant club
              (19 damage)
             ... on level 5 of the Dungeon.
             The game lasted 00:07:38 (3613 turns).

Lanoc the Poker (Octopode Abyssal Knight)           Turns: 3613, Time: 00:07:38

Health: -4/49      AC:  1    Str: 12    XL:     7   Next: 25%
Magic:  10/10      EV: 15    Int: 14    God:    Lugonu [***...]
Gold:   123        SH:  0    Dex: 13    Spells: 6/6 levels left

rFire    . . .     SeeInvis +   a - +1 spear
rCold    . . .     Gourm    .   (no shield)
rNeg     . . .     Faith    .   (helmet restricted)
rPois    .         Spirit   .   (no amulet)
rElec    .         Reflect  .   h - ring of see invisible
rCorr    .         Harm     .   (no ring)
MR       .....                  (no ring)
Stlth    ++........             (no ring)
HPRegen  0.16/turn              (no ring)
MPRegen  0.12/turn              (no ring)
                                (no ring)
                                (no ring)

@: no status effects
A: almost no armour, stealthy swim, amphibious, 8 rings, constrict 8, camouflage
1, gelatinous body 1
a: Depart the Abyss, Bend Space, Banish, Renounce Religion


You were on level 5 of the Dungeon.
You worshipped Lugonu.
Lugonu was most pleased with you.
You were hungry.

You visited 1 branch of the dungeon, and saw 5 of its levels.
You visited the Abyss 1 time.

You collected 123 gold pieces.

Inventory:

Hand Weapons
 a - a +1 spear (weapon)
Jewellery
 h - a ring of see invisible (left tentacle)
Wands
 j - a wand of flame (11)
Scrolls
 i - a scroll of enchant armour
 l - 2 scrolls of teleportation {unknown}
 m - 3 scrolls of remove curse
 n - 2 scrolls of fog {unknown}
Potions
 c - 2 potions of mutation
 d - 3 potions of heal wounds
 e - 2 potions of agility
 g - 2 potions of curing {unknown}
 k - a potion of invisibility
Comestibles
 b - 11 rations


   Skills:
 + Level 4.4 Fighting
 * Level 5.1 Polearms
 + Level 4.0 Dodging
 + Level 4.1 Invocations


You had 6 spell levels left.
You didn't know any spells.
Your spell library contained the following spells:

 Spells                   Type           Power        Failure   Level  Hunger
 Magic Dart               Conj           #...         28%         1    ##.....
 Blink                    Tloc           N/A          41%         2    ###....
 Call Imp                 Summ           #.......     41%         2    ###....
 Slow                     Hex            #.......     41%         2    ###....
 Conjure Flame            Conj/Fire      #.......     65%         3    ####...
 Mephitic Cloud           Conj/Pois/Air  #.......     65%         3    ####...


Dungeon Overview and Level Annotations

Branches:
Dungeon (5/15)
 Temple: D:4-7

Altars:
Fedhas
Gozag
Hepliaklqana
The Shining One

Annotations:
D:2 Sigmund
D:3 2 transporters


Innate Abilities, Weirdness & Mutations

You cannot wear most types of armour.
You are very stealthy in the water. (Stealth+)
You are amphibious.
You can wear up to eight rings at the same time.
You can use your tentacles to constrict eight enemies at once.
Your skin changes colour to match your surroundings (Stealth+).
Your rubbery body absorbs attacks. (AC +1, EV +1)


Message History

You constrict the crimson imp.
The crimson imp hits you but does no damage.
There are monsters nearby!
You release your grip on the crimson imp.
An ice beast comes into view.
The crimson imp blinks!
The ice beast moves out of view.
Found a club.
You hit the ogre.
The ogre is lightly wounded.
You barely miss the ogre.
The ogre is lightly wounded.
The ogre hits you with a +0 giant club! The ice beast barely misses you.
The ice beast misses you. The ice beast hits you. The ice beast freezes you!
The crimson imp blinks!
The ice beast hits you. The ice beast freezes you!
* * * LOW HITPOINT WARNING * * *
The crimson imp blinks!
There is a stone staircase leading up here.
The ogre hits you with a +0 giant club!!
You die...

#####.##........##
#######........##..####
##.(.....#.#######.##
...######..# #.# ....#
#.## #.# ####..###)####
#.# .........[...# #..
.......>..#### #..
###....#.@#######...
......###O.#........
###.#. ##Y..####### #.
# ##......... .. #
#..######## . #. ##.##
#.###.Y# #..(#.## .#
###...#


You could see an ice beast and an ogre.

Vanquished Creatures
  An orc warrior (D:5)
  A scorpion (D:4)
  A crimson imp (D:4)
  A hound (D:4)
  An orc wizard (D:4)
  2 orc priests
  A worker ant (D:5)
  3 gnolls (D:5)
  8 adders
  2 oozes
  5 leopard geckos
  10 orcs
  6 bats
  7 giant cockroaches
  8 goblins
  8 hobgoblins
  13 jackals
  A quokka (D:3)
  5 ball pythons
  3 frilled lizards
  7 kobolds
  7 rats
101 creatures vanquished.

Notes
Turn   | Place    | Note
-------+----------+-------------------------------------------
     0 | Abyss:1  | Lanoc the Octopode Abyssal Knight began the quest for the
                  | Orb.
     0 | Abyss:1  | Reached XP level 1. HP: 16/16 MP: 2/2
    36 | Abyss:1  | Noticed a small abomination
    53 | Abyss:1  | Noticed a phantasmal warrior
    55 | Abyss:1  | Noticed a freezing wraith
    57 | D:1      | Escaped the Abyss
   105 | D:1      | Reached XP level 2. HP: 21/21 MP: 3/3
   174 | D:1      | Reached * piety under Lugonu
   233 | D:1      | Reached XP level 3. HP: 26/26 MP: 4/4
   816 | D:2      | Noticed Sigmund
   868 | D:2      | Reached skill level 3 in Polearms
  1003 | D:2      | Reached XP level 4. HP: 25/31 MP: 5/5
  1228 | D:3      | Found a glowing golden altar of the Shining One.
  1230 | D:3      | Noticed a two-headed ogre
  1234 | D:3      | Reached ** piety under Lugonu
  1242 | D:3      | Found a transporter.
  1247 | D:3      | Noticed a phantom
  1250 | D:3      | Found a transporter.
  1496 | D:3      | Reached XP level 5. HP: 36/36 MP: 7/7
  2222 | D:4      | Reached *** piety under Lugonu
  2231 | D:4      | Reached skill level 4 in Polearms
  2231 | D:4      | Reached XP level 6. HP: 30/43 MP: 8/8
  2304 | D:4      | Identified the amulet of Puufuraf {Harm *Drain rC+ MR+}
  2491 | D:4      | Found a hazy altar of Hepliaklqana.
  2491 | D:4      | Found an opulent altar of Gozag.
  2660 | D:4      | Found a blossoming altar of Fedhas.
  2814 | D:5      | Entered Level 5 of the Dungeon
  2858 | D:5      | Noticed an orc warrior
  2876 | D:5      | Killed an orc warrior
  2876 | D:5      | Reached XP level 7. HP: 25/49 MP: 9/9
  2879 | D:5      | Reached skill level 5 in Polearms
  3613 | D:5      | Slain by an ogre

Levels and vault maps discovered:
D:1:      dpeg_arrival_boxorama, layout_basic, serial_bayou_ford_a
D:2:      layout_basic, uniq_sigmund
D:3:      cheibrodos_old_hovel, layout_basic, gammafunk_temple_overflow_arena,
          minmay_shallow_snake_nest
D:4:      layout_basic, gammafunk_temple_overflow_elements, first_ration,
          grunt_decor_arrowhead, hex_medium, fedhas_altar_1
D:5:      layout_rooms
Abyss:1

Skill      XL: |  1  2  3  4  5  6  7 |
---------------+----------------------+-----
Polearms       | 3 4 5 |  5.1
Dodging        | 3 4 |  4.0
Invocations    | 3 4 |  4.1
Fighting       | 4 |  4.4

Action                   |  1- 3 |  4- 6 |  7- 9 || total
-------------------------+-------+-------+-------++-------
Melee: Spear             |    87 |   150 |    41 ||   278
       Tentacles         |    13 |    23 |     5 ||    41
       Constrict         |    15 |    33 |     6 ||    54
Invok: Depart the Abyss  |     1 |       |       ||     1
  Use: Scroll            |       |     7 |       ||     7
       Potion            |       |     2 |       ||     2
 Stab: Sleeping          |     6 |     7 |       ||    13
       Distracted        |       |     1 |       ||     1
  Eat: Chunk             |       |     6 |     2 ||     8
Armor: Skin              |     5 |     3 |     2 ||    10
Dodge: Dodged            |    39 |    80 |    18 ||   137

Table legend:
 A = Non-vault XP
 B = Vault XP
 C = Vault XP percentage of total XP
 D = Non-vault monster count
 E = Vault monster count
 F = Vault count percentage of total count
                 A         B        C        D         E       F
            +---------+---------+-------+---------+---------+-------
      Total |     748 |      17 |   2.2 |      97 |       4 |   4.0
            +---------+---------+-------+---------+---------+-------
        D:1 |      51 |       0 |   0.0 |      27 |       0 |   0.0
        D:2 |      37 |       0 |   0.0 |      16 |       0 |   0.0
        D:3 |     143 |      17 |  10.6 |      33 |       4 |  10.8
        D:4 |     232 |       0 |   0.0 |      10 |       0 |   0.0
        D:5 |     285 |       0 |   0.0 |      11 |       0 |   0.0
            +---------+---------+-------+---------+---------+-------
